 Dungeon Crawl Stone Soup version 0.27-a0-46-g34d46f0a3f (webtiles) character file.

Game seed: 12941497175806089284

50 Borgoz the Ruffian (level 3, -5/30 HPs)
             Began as a Ghoul Gladiator on Jan 6, 2021.
             Slain by a centaur (7 damage)
             ... on level 2 of the Dungeon.
             The game lasted 00:01:01 (1316 turns).

Borgoz the Ruffian (Ghoul Gladiator)                Turns: 1316, Time: 00:01:01

Health: -5/30      AC:  5    Str: 16 (18) XL:     3   Next: 79%
Magic:  2/2        EV: 12    Int:  3      God:
Gold:   60         SH:  0    Dex:  9 (10) Spells: 2/2 levels left

rFire    . . .     SeeInvis .     - Unarmed
rCold    + . .     Faith    .   (no shield)
rNeg     + + +     Spirit   .   a - +0 leather armour
rPois    ∞         Reflect  .   b - +0 helmet
rElec    .         Harm     .   (no cloak)
rCorr    .         Rampage  .   (no gloves)
Will     .....                  g - +0 pair of boots
Stlth    +.........             (no amulet)
HPRegen  0.00/turn              (no ring)
MPRegen  0.08/turn              (no ring)

@: no status effects
A: claws 1, cold resistance 1, negative energy resistance 3, inhibited
regeneration, torment resistance, unbreathing
a: no special abilities


You were on level 2 of the Dungeon.
You visited 1 branch of the dungeon, and saw 2 of its levels.

You collected 60 gold pieces.

Inventory:

Missiles
 c - 3 throwing nets (quivered)
Armour
 a - a +0 leather armour (worn)
 b - a +0 helmet (worn)
 g - a +0 pair of boots (worn)
Scrolls
 e - a scroll of magic mapping {unknown}
 f - a scroll of enchant weapon {unknown}
 h - 2 scrolls of immolation {unknown}
 j - a scroll of remove curse {unknown}
 k - a scroll of identify {unknown}
 l - a scroll of fog {unknown}
Potions
 i - a potion of berserk rage


   Skills:
 + Level 2.6 Fighting
 - Level 1.7 Throwing
 + Level 0.8 Armour
 * Level 3.2 Dodging
 * Level 4.0 Unarmed Combat


You had 2 spell levels left.
You didn't know any spells.
Your spell library was empty.

Dungeon Overview and Level Annotations

Branches:
Dungeon (2/15)

Altars:
Zin

Annotations:
D:2 Terence


Innate Abilities, Weirdness & Mutations

You thrive by killing the living.
You are immune to poison.
You have sharp fingernails.
Your flesh is cold resistant. (rC+)
You are immune to negative energy. (rN+++)
You do not regenerate when monsters are visible.
You are immune to unholy pain and torment.
You can survive without breathing.


Message History

* * * LOW HITPOINT WARNING * * *
You see here 2 arrows.
You are too injured to fight recklessly!
You are too injured to fight recklessly!
You are too injured to fight recklessly!
It was a potion of berserk rage.
You cannot raise a blood rage in your lifeless body.
The leopard gecko hisses angrily.
The centaur shoots an arrow.
The arrow closely misses you.
It was a potion of magic.
Magic courses through your body.
The centaur shoots an arrow.
The arrow closely misses you.
It was a potion of mutation.
You feel extremely strange.
Your body decomposes!
You feel weakened.
Your body decomposes!
You feel weakened.
Your body decomposes!
You feel clumsy.
The centaur unwields a +0 shortbow.
The centaur hits you!
You die...

.# #.######.#
#...........
.# #........#
############
.# #######..#
# .# #(.# # .#
#(.# # .# #..#
# .# #(.# # .#
#(.# #### .#
#@.# #... .#
#c...# #.## .#
#.##.# #.#
.#### #l# .#
#.# ....## #.#
# #.#
.###.########
#.# #.# .#
#......... ...
#.#
.###.########
#.# #.# ....##
#
#.#########.##


You could see a centaur and a leopard gecko.

Vanquished Creatures
  A dart slug (D:1)
  A leopard gecko (D:2)
  6 giant cockroaches
  4 goblins
  5 hobgoblins
  4 jackals (D:2)
  10 bats
  2 frilled lizards (D:2)
  4 kobolds
  5 rats
42 creatures vanquished.

Notes
Turn   | Place    | Note
-------+----------+-------------------------------------------
     0 | D:1      | Borgoz the Ghoul Gladiator began the quest for the Orb.
     0 | D:1      | Reached XP level 1. HP: 17/17 MP: 0/0
   122 | D:1      | Reached XP level 2. HP: 21/24 MP: 1/1
   631 | D:1      | Reached XP level 3. HP: 30/30 MP: 2/2
   954 | D:2      | Reached skill level 4 in Unarmed Combat
  1113 | D:2      | Found a glowing silver altar of Zin.
  1156 | D:2      | Noticed Terence
  1310 | D:2      | Noticed a centaur
  1316 | D:2      | Slain by a centaur

Illustrated notes

Levels and vault maps discovered:
D:1:      dpeg_arrival_short_road, layout_loops_ring
D:2:      layout_loops_ring, nicolae_overflow_hidden_temple, uniq_terence

Skill      XL: |  1  2  3 |
---------------+----------+-----
Dodging        | 3 |  3.2
Unarmed Combat | 4 |  4.0
Fighting       | |  2.6
Throwing       | |  1.7
Armour         | |  0.8

Action                   || total
-------------------------++-------
Melee: Unarmed           ||   106
       Punch             ||     1
  Use: Potion            ||     3
Armor: Leather armour    ||    32
Dodge: Dodged            ||    79

Table legend: (Time is in decaauts)
 A = Elapsed time spent in this place.
 B = Non-inter-level travel time spent in this place.
 C = Inter-level travel time spent in this place.
 D = Time resting spent in this place.
 E = Time spent auto-exploring this place.
 F = Levels seen in this place.
 G = Mean time per level.
                   A        B        C        D        E       F      G
               +--------+--------+--------+--------+--------+-----+--------+
         Total |   1308 |   1281 |     27 |     53 |   1012 |   2 |  654.0 |
       Dungeon |   1308 |   1281 |     27 |     53 |   1012 |   2 |  654.0 |
               +--------+--------+--------+--------+--------+-----+--------+

Top non-repeatable levels by time:
     D:1: 721 daAuts
     D:2: 587 daAuts
